 Dungeon Crawl Stone Soup version 0.28.0-49-g6dfe1f597d (webtiles) character file.

Game seed: 16848635183384535173

161 safid the Chopper (level 5, -1/46 HPs)
             Began as a Hill Orc Fighter on May 13, 2022.
             Slain by a hound (3 damage)
             ... on level 5 of the Dungeon.
             The game lasted 00:04:12 (3643 turns).

safid the Chopper (Hill Orc Fighter)                Turns: 3643, Time: 00:04:12

Health: -1/46      AC:  7    Str: 21    XL:     5   Next: 42%
Magic:  5/5        EV:  9    Int:  8    God:
Gold:   121        SH:  4    Dex: 10    Spells: 4/4 levels left

rFire   . . .      SeeInvis .   a - +0 war axe
rCold   . . .      Faith    .   c - +0 buckler
rNeg    . . .      Spirit   .   b - +0 scale mail
rPois   .          Reflect  .   (no helmet)
rElec   .          Harm     .   (no cloak)
rCorr   .          Rampage  .   (no gloves)
Will    .....                   (no boots)
Stlth   ..........              (no amulet)
HPRegen 0.15/turn               (no ring)
MPRegen 0.09/turn               (no ring)

@: no status effects
A: no striking features
a: no special abilities


You were on level 5 of the Dungeon.
You visited 1 branch of the dungeon, and saw 6 of its levels.

You collected 121 gold pieces.

Inventory:

Hand Weapons
 a - a +0 war axe (weapon)
Missiles
 q - 2 curare-tipped darts (quivered)
Armour
 b - a +0 scale mail (worn)
 c - a +0 buckler (worn)
Scrolls
 d - a scroll of brand weapon {unknown}
 f - a scroll of magic mapping {unknown}
 g - a scroll of torment {unknown}
 h - a scroll of noise {unknown}
 i - a scroll of fear {unknown}
 j - 2 scrolls of identify {unknown}
 k - a scroll of silence {unknown}
 m - 2 scrolls of immolation {unknown}
 p - a scroll of vulnerability {unknown}
Potions
 e - a potion of magic
 l - a potion of ambrosia {unknown}
 n - a potion of curing {unknown}
 o - a potion of invisibility {unknown}


   Skills:
 - Level 4.0 Fighting
 + Level 5.9 Axes
 - Level 4.0 Armour
 - Level 4.0 Shields


You had 4 spell levels left.
You didn't know any spells.
Your spell library contained the following spells:

 Spells                   Type           Power      Damage    Failure   Level
 Freeze                   Ice            0%         1d3       83%         1
 Sting                    Tmut/Pois      0%         1d3       83%         1
 Poisonous Vapours        Pois/Air       0%         N/A       92%         2
 Frozen Ramparts          Ice            0%         1d2       99%         3
 Hailstorm                Conj/Ice       0%         3d3       100%        4
 Olgreb's Toxic Radiance  Pois           0%         N/A       100%        4
 Summon Forest            Summ/Tloc      0%         N/A       100%        5
 Summon Mana Viper        Hex/Summ       0%         N/A       100%        5
 Summon Cactus Giant      Summ           0%         N/A       100%        6


Dungeon Overview and Level Annotations

Branches:
Dungeon (6/15)
 Temple: D:4-7

Altars:
Vehumet

Annotations:
D:2 1 runed translucent door, Crazy Yiuf


Message History

You see here a +0 quarterstaff.
You hear the slow rusting of a distant drain.
You hear the slow hiss of an avalanche of sand nearby.
The hound barely misses you. You block the hound's attack. The hound bites you.
The hound bites you but does no damage. The hound bites you.
The hound bites you but does no damage. You block the hound's attack.
There is a stone staircase leading up here.
The hound barely misses you. x2; The adder bites you but does no damage.
The hound bites you but does no damage. x2; The adder bites you.
You climb upwards.
There is a stone staircase leading down here.
You miss the hound.
The hound is moderately wounded.
You hit the adder. You hit the hound but do no damage. The hound bites you.
The hound bites you but does no damage. You block the adder's attack.
The hound bites you.
* * * LOW HITPOINT WARNING * * *
The hound completely misses you.
You closely miss the hound.
The hound is moderately wounded.
You hit the hound but do no damage. You barely miss the adder.
The adder bites you.
* * * LOW HITPOINT WARNING * * *
You block the hound's attack. The hound bites you but does no damage.
The adder closely misses you. The hound bites you.
* * * LOW HITPOINT WARNING * * *
The hound bites you.
* * * LOW HITPOINT WARNING * * *
Unknown command.
You slash the adder!
You kill the adder!
You hit the hound. x2; The hound bites you but does no damage. x2
The hound bites you.
* * * LOW HITPOINT WARNING * * *
The hound closely misses you.
Unknown command.
Unknown command.
It was a potion of magic.
Magic courses through your body. The hound bites you.
You die...

#..#. ...
... ...
## ##.#
.. ..#
###.#.#h#
......h@#
..#.###.#
..# ...#
###.# #.#
..# ...


You could see 2 hounds.

Vanquished Creatures
  A jelly (D:2)
  Terence (D:2)
  2 adders
  A shadow imp (D:4)
  A worm (D:3)
  4 dart slugs
  An orc (D:3)
  7 endoplasms
  3 giant cockroaches
  6 goblins
  7 hobgoblins
  6 quokkas
  7 ball pythons
  7 bats
  A frilled lizard (D:3)
  7 kobolds
  2 rats
64 creatures vanquished.

Notes
Turn   | Place    | Note
-------+----------+-------------------------------------------
     0 | D:1      | safid the Hill Orc Fighter began the quest for the Orb.
     0 | D:1      | Reached XP level 1. HP: 19/19 MP: 1/1
    49 | D:1      | Reached XP level 2. HP: 24/27 MP: 2/2
    88 | D:1      | Reached skill level 3 in Axes
   803 | D:1      | Reached XP level 3. HP: 28/33 MP: 3/3
  1189 | D:2      | Found a faded altar of an unknown god.
  1291 | D:2      | Noticed Terence
  1298 | D:2      | Killed Terence
  1299 | D:2      | Reached skill level 4 in Axes
  1299 | D:2      | Reached XP level 4. HP: 36/40 MP: 4/4
  2000 | D:2      | Reached skill level 5 in Axes
  2000 | D:2      | Reached XP level 5. HP: 6/46 MP: 5/5
  2372 | D:2      | Found a runed translucent door.
  2373 | D:2      | Noticed Crazy Yiuf
  3584 | D:4      | You fall into a shaft and drop 2 floors!
  3593 | D:6      | Found a radiant altar of Vehumet.
  3604 | D:6      | Noticed an orc warrior
  3639 | D:5      | Entered Level 5 of the Dungeon
  3642 | D:5      | HP: 2/46 [hound (4)]
  3643 | D:5      | Slain by a hound

Illustrated notes

Levels and vault maps discovered:
D:1:      minmay_arrival_stair_chambers, layout_basic,
          minmay_misc_feat_more_columns, chequers_serial_rivers_marsh,
          minmay_misc_feat_rugged
D:2:      layout_basic, hellmonk_ecumenical_altar_slurped_away,
          kennysheep_potato, uniq_crazy_yiuf_cottage, uniq_terence
D:3:      layout_basic
D:4:      layout_basic
D:5:      layout_basic, minmay_temple_entry_steel_oval, uniq_edmund
D:6:      layout_cave_pools, nicolae_vehumet_radiance, enter_ossuary_1,
          ebering_ghost_gozag, portal_sewer_entry_f, uniq_pikel

Skill      XL: |  1  2  3  4 |
---------------+-------------+-----
Axes           | 3 4 5 |  5.9
Fighting       | 4 |  4.0
Armour         | 4 |  4.0
Shields        | 4 |  4.0

Action                   |  1- 3 |  4- 6 || total
-------------------------+-------+-------++-------
Melee: War axe           |    88 |    88 ||   176
  Use: Potion            |     1 |     1 ||     2
Armor: Scale mail        |    54 |    46 ||   100
Dodge: Dodged            |    57 |    39 ||    96
Block: Buckler           |    17 |    21 ||    38
